 Dungeon Sprint DCSS version 0.21.0-24-g2553a33 (webtiles) character file.

10220 letownia2 the Brawler (level 11, -5/171 (172) HPs)
             Began as a Troll Skald on Jan 20, 2018.
             Was the Champion of Makhleb.
             Slain by a vampire knight
             ... wielding a +2 antimagic war axe
              (7 damage)
             ... while paralysed by a vampire knight
             ... in the Dungeon (Sprint V: "Ziggurat Sprint").
             The game lasted 00:07:02 (697 turns).

letownia2 the Brawler (Troll Skald)                  Turns: 697, Time: 00:07:02

HP:   -5/171 (172)  AC: 24    Str: 32    XL:     11   Next: 33%
MP:   2/20          EV:  1    Int: 15    God:    Makhleb [******]
Gold: 0             SH:  0    Dex: 14    Spells: 4/12 levels left

rFire    + + .     SeeInvis .     - Unarmed
rCold    + + .     Gourm    +   o - +3 large shield
rNeg     + . .     Faith    .   k - +5 gold dragon scales
rPois    +         Spirit   .   (helmet restricted)
rElec    +         Reflect  .   (no cloak)
rCorr    +         Harm     .   (gloves unavailable)
MR       .....     NoTele   +   (boots unavailable)
Stlth    ..........             (no amulet)
HPRegen  0.78/turn              I - +6 ring of strength
MPRegen  0.17/turn              s - ring of Res Nullius {rN+ MP+9 Int+3}

@: paralysed, agile, berserking (expiring), resistant, hasted, drained
A: large, unfitting armour, claws 3, fast metabolism 3, gourmand, regeneration
1, shaggy fur 1, tough skin 2
a: Minor Destruction, Lesser Servant of Makhleb, Major Destruction, Greater
Servant of Makhleb, Renounce Religion


You were in the Dungeon.
You worshipped Makhleb.
Makhleb was exalted by your worship.
You were very full.

You visited 1 branch

Inventory:

Hand Weapons
 K - the +8 lance "Wyrmbane" {slay drac, rPois rF+ rC+ AC+3}
   (You found it in the Dungeon)

   It affects your AC (+3).
   It protects you from fire.
   It protects you from cold.
   It protects you from poison.
 O - the +6 hand axe "Iphiruh" {chop, rPois MR++}
   (You found it in the Dungeon)

   It inflicts extra damage upon your enemies.
   It protects you from poison.
   It affects your resistance to hostile enchantments.
Armour
 j - +5 fire dragon scales
 k - +5 gold dragon scales (worn)
 l - +5 ice dragon scales
 m - +5 shadow dragon scales
 n - +5 storm dragon scales
 o - a +3 large shield (worn)
Jewellery
 a - the ring "Bichot Busuw" {rElec AC+3}
   (You found it in the Dungeon)

   [ring of protection]

   It affects your AC (+3).
   It insulates you from electricity.
 s - the ring of Res Nullius (right claw) {rN+ MP+9 Int+3}
   (You found it in the Dungeon)

   [ring of intelligence]

   It affects your intelligence (+3).
   It protects you from negative energy.
   It affects your magic capacity (+9).
 F - a +6 ring of dexterity
 G - a +6 ring of intelligence
 H - a +6 ring of intelligence
 I - a +6 ring of strength (left claw)
 J - a +6 ring of strength
 P - an uncursed ring of poison resistance
 V - an uncursed ring of protection from cold
Wands
 B - a wand of disintegration (7)
 C - a wand of iceblast (3)
 D - a wand of acid (7)
Scrolls
 i - 4 scrolls of blinking
 v - 4 scrolls of amnesia
 w - 8 scrolls of fog
 x - a scroll of holy word
 y - 5 scrolls of identify
 z - 5 scrolls of remove curse
 A - 2 scrolls of fear
 N - a scroll of brand weapon
Potions
 d - 9 potions of curing
 e - 12 potions of heal wounds
 f - 5 potions of haste
 g - 7 potions of magic
 h - 2 potions of berserk rage
 p - 2 potions of brilliance
 q - 2 potions of invisibility
 r - 3 potions of resistance
 t - 4 potions of agility
 u - 6 potions of might
Books
 b - a book of Battle

   Spells                             Type                      Level
   a - Infusion                       Charms                       1
   b - Shroud of Golubria             Charms/Translocation         2
   c - Song of Slaying                Charms                       2
   d - Spectral Weapon                Hexes/Charms                 3
   e - Regeneration                   Charms/Necromancy            3
Miscellaneous
 L - a fan of gales
 M - 2 boxes of beasts
 Q - a lamp of fire
 R - a phantom mirror
 S - a phial of floods
 T - a fan of gales
 U - a sack of spiders
Comestibles
 c - 8 rations
 E - a chunk of flesh


   Skills:
 + Level 9.2(8.4) Fighting
 - Level 9.3(8.5) Armour
 - Level 1.9(1.2) Dodging
 - Level 12.0(11.1) Shields
 + Level 18.1(17.1) Unarmed Combat
 - Level 1.2(0.6) Spellcasting
 - Level 2.0(1.3) Charms


You had 4 spell levels left.
You knew the following spells:

 Your Spells              Type           Power        Failure   Level  Hunger
a - Infusion              Chrm           #...         100%        1    ##.....
g - Regeneration          Chrm/Necr      #.........   100%        3    ####...
l - Song of Slaying       Chrm           #.......     100%        2    ###....
t - Shroud of Golubria    Chrm/Tloc      #.........   100%        2    ###....


Dungeon Overview and Level Annotations

Branches:
Dungeon (1/1)

Altars:
Ashenzari
Cheibriados
Dithmenos
Elyvilon
Fedhas
Gozag
Hepliaklqana
Kikubaaqudgha
Makhleb
Nemelex Xobeh
Okawaru
Qazlal
Ru
Sif Muna
Trog
Uskayaw
Vehumet
Wu Jian
Xom
Yredelemnul
Zin
The Shining One
Beogh
Jiyva
Lugonu


Innate Abilities, Weirdness & Mutations

You are too large for most types of armour.
You have claws for hands.
Your metabolism is lightning-fast.
You like to eat raw meat.
Your natural rate of healing is unusually fast.
You are covered in fur. (AC +1)
You have very tough skin. (AC +2)


Message History

The vampire knight hits you but does no damage.
The vampire knight bites you but does no damage.
The lich touches you.
* * * LOW HITPOINT WARNING * * *
The lich touches you but does no damage.
The necrophage hits you.
* * * LOW HITPOINT WARNING * * *
You feel your flesh rotting away! The wight hits you with a flail.
* * * LOW HITPOINT WARNING * * *
You partially resist.
You feel drained.
The phantom blinks!
A giant cockroach zombie comes into view.
The lich points at you and mumbles some strange words.
You barely resist.
The lich gestures at you while chanting.
You feel haunted.
The vampire knight hits you with an antimagic war axe!!
* * * LOW HITPOINT WARNING * * *
You feel your power leaking away. The vampire knight bites you!
You die...

▓..))::)..▓
▓...)")|.Z▓....|[)..▓
▓....W....▓.........▓
▓.........▓.........▓
▓.........▓.........▓
▓.........▓.........▓
▓..WpnzW..▓.......†.▓
▓.▓WnLL{▓.▓....©....▓
▓..WV@zZ..▓▓▓▓▓▓▓▓▓▓▓
▓▓▓▓▓▓▓▓▓▓▓


You could see a ghoul, 2 liches, a vampire knight, a phantasmal warrior, a
freezing wraith, a necromancer, a phantom, 2 wraiths, a necrophage, 2 wights, a
giant cockroach zombie and a bat skeleton.

Vanquished Creatures
  A mummy priest (D)
  A dancing weapon (D)
  2 two-headed ogres (D)
  A deep elf archer (D)
  2 deep elf magi (D)
  A cyclops (D)
  4 draconians (D)
  2 guardian mummies (D)
  A troll (D)
  2 hornets (D)
  A flying skull (D)
  3 wyverns (D)
  5 spriggans (D)
  A steam dragon (D)
  A water moccasin (D)
  A hell hound (D)
  A swamp drake (D)
  2 necrophages (D)
  4 black bears (D)
  An ogre (D)
  3 phantoms (D)
  6 wolves (D)
  A crimson imp (D)
  2 mummies (D)
  A shadow imp (D)
  An adder skeleton (D)
  A ball python (D)
  A giant cockroach zombie (D)
  A leopard gecko skeleton (D)
  A leopard gecko zombie (D)
55 creatures vanquished.

Vanquished Creatures (others)
  An acid dragon (D)
1 creature vanquished.

Grand Total: 56 creatures vanquished

Notes
Turn   | Place    | Note
-------+----------+-------------------------------------------
     0 | D        | Found the +6 Majin-Bo {vamp, Archmagi MP+6 Int+6}
     0 | D        | Found the +7 great mace "Firestarter" {inner flame, rF++}
     0 | D        | letownia2 the Troll Skald began the quest for the Orb.
     0 | D        | Reached XP level 1. HP: 19/19 MP: 1/1
     3 | D        | Found a blossoming altar of Fedhas.
     7 | D        | Found a deep blue altar of Sif Muna.
     7 | D        | Found a sacrificial altar of Ru.
     7 | D        | Found a bloodstained altar of Trog.
     7 | D        | Found a stormy altar of Qazlal.
     7 | D        | Found an iron altar of Okawaru.
     7 | D        | Found a sparkling altar of Nemelex Xobeh.
     9 | D        | Found a transporter.
     9 | D        | Found an ancient bone altar of Kikubaaqudgha.
     9 | D        | Found a viscous altar of Jiyva.
     9 | D        | Found a corrupted altar of Lugonu.
     9 | D        | Found a hazy altar of Hepliaklqana.
     9 | D        | Found a burning altar of Makhleb.
     9 | D        | Found an opulent altar of Gozag.
    24 | D        | Found the +9 heavy crossbow "Sniper" {velocity, Acc+∞ SInv}
    24 | D        | Found the +10 dark maul {crush}
    24 | D        | Found the +15 Maxwell's patent armour {-Cast -Tele rElec MR+ rCorr}
    24 | D        | Found the +18 shield of the Gong {rElec rN+ MR+ EV-5}
    24 | D        | Found the cursed +14 obsidian axe {chop, +Fly SInv *Curse}
    25 | D        | Found the +6 shillelagh "Devastator" {shatter}
    25 | D        | Found the +11 plutonium sword {*Contam Stlth-}
    25 | D        | Found the +8 lance "Wyrmbane" {slay drac, rPois rF+ rC+ AC+3}
    25 | D        | Found the +9 sword of Zonguldrok {reap}
    25 | D        | Found the cursed +13 scythe of Curses {drain, *Curse}
    25 | D        | Found the +0 sword of Power
    25 | D        | Found the -1 mace of Variability {chaos}
    25 | D        | Found the +7 Singing Sword
    25 | D        | Found the +7 longbow "Piercer" {penet, EV-2}
    30 | D        | Became a worshipper of Makhleb the Destroyer
    32 | D        | Reached skill level 7 in Unarmed Combat
    32 | D        | Reached XP level 2. HP: 27/27 MP: 2/2
    50 | D        | Entered arena 2.
    50 | D        | Noticed a water moccasin
    50 | D        | Found a transporter.
    55 | D        | Killed a water moccasin
    55 | D        | Reached skill level 8 in Unarmed Combat
    55 | D        | Reached XP level 3. HP: 39/39 MP: 3/3
    55 | D        | Reached XP level 4. HP: 48/48 MP: 4/4
    70 | D        | Entered arena 3.
    70 | D        | Noticed a hell hound
    70 | D        | Found a transporter.
    71 | D        | Found the +5 demon whip "Spellbinder" {antimagic, MR+}
    73 | D        | Killed a hell hound
    73 | D        | Reached * piety under Makhleb
    73 | D        | Reached skill level 9 in Unarmed Combat
    73 | D        | Reached XP level 5. HP: 48/55 MP: 5/5
    89 | D        | Entered arena 4.
    89 | D        | Noticed a draconian
    89 | D        | Noticed a draconian
    89 | D        | Noticed a draconian
    89 | D        | Noticed a draconian
    89 | D        | Found a transporter.
   100 | D        | Killed a draconian
   100 | D        | Reached ** piety under Makhleb
   100 | D        | Reached XP level 6. HP: 39/63 MP: 6/6
   100 | D        | Reached XP level 7. HP: 44/71 MP: 7/7
   112 | D        | Killed a draconian
   112 | D        | Reached skill level 10 in Shields
   117 | D        | Killed a draconian
   117 | D        | Reached XP level 8. HP: 40/79 MP: 8/8
   126 | D        | Killed a draconian
   126 | D        | Reached skill level 5 in Armour
   126 | D        | Reached skill level 10 in Unarmed Combat
   162 | D        | Entered arena 5.
   162 | D        | Noticed a deep elf mage
   162 | D        | Noticed a deep elf mage
   162 | D        | Noticed a mace of pain
   162 | D        | Noticed a deep elf archer
   162 | D        | Found a transporter.
   173 | D        | Killed a deep elf mage
   173 | D        | Reached *** piety under Makhleb
   173 | D        | Reached skill level 11 in Unarmed Combat
   173 | D        | Reached XP level 9. HP: 67/85 MP: 9/9
   175 | D        | Killed a deep elf mage
   194 | D        | Killed a mace of pain
   194 | D        | Reached skill level 12 in Unarmed Combat
   199 | D        | Killed a deep elf archer
   199 | D        | Reached **** piety under Makhleb
   199 | D        | Reached skill level 13 in Unarmed Combat
   211 | D        | Got the ring "Bichot Busuw" {rElec AC+3}
   252 | D        | Entered arena 6.
   252 | D        | Noticed a troll
   252 | D        | Noticed a two-headed ogre
   252 | D        | Noticed a two-headed ogre
   252 | D        | Noticed a cyclops
   252 | D        | Found a transporter.
   258 | D        | Killed a two-headed ogre
   258 | D        | Reached XP level 10. HP: 98/98 MP: 10/10
   261 | D        | Killed a two-headed ogre
   261 | D        | Reached skill level 14 in Unarmed Combat
   265 | D        | Killed a cyclops
   276 | D        | Got the ring of Res Nullius {rN+ MP+9 Int+3}
   336 | D        | Entered arena 7.
   342 | D        | Reached ***** piety under Makhleb
   348 | D        | Reached skill level 15 in Unarmed Combat
   356 | D        | Found a transporter.
   366 | D        | Got the +6 hand axe "Iphiruh" {chop, rPois MR++}
   374 | D        | Entered arena 8.
   374 | D        | Noticed a mummy priest
   375 | D        | Found a transporter.
   383 | D        | Killed a mummy priest
   383 | D        | Reached skill level 16 in Unarmed Combat
   383 | D        | Noticed a soul eater
   427 | D        | Reached ****** piety under Makhleb
   495 | D        | Learned a level 3 spell: Regeneration
   498 | D        | Learned a level 2 spell: Song of Slaying
   501 | D        | Learned a level 2 spell: Shroud of Golubria
   520 | D        | Entered arena 9.
   530 | D        | Reached skill level 17 in Unarmed Combat
   535 | D        | Reached XP level 11. HP: 109/109 MP: 11/11
   549 | D        | Found a transporter.
   561 | D        | Entered arena 10.
   561 | D        | Noticed a spriggan rider
   561 | D        | Noticed a spriggan rider
   562 | D        | Found the +9 staff of Wucad Mu {channel}
   563 | D        | Found a transporter.
   581 | D        | Killed a spriggan rider
   610 | D        | Reached skill level 18 in Unarmed Combat
   631 | D        | Entered arena 11.
   657 | D        | Found a transporter.
   670 | D        | Got the +1 pair of boots "Hibir" {Int+4}
   683 | D        | Entered arena 12.
   683 | D        | Noticed a vampire knight
   683 | D        | Noticed a lich
   683 | D        | Noticed a necromancer
   684 | D        | Found the +8 storm bow {elec}
   684 | D        | Noticed a lich
   685 | D        | Noticed a ghoul
   691 | D        | Paralysed by a vampire knight for 6 turns
   697 | D        | HP: 2/171 [vampire knight/antimagic war axe (18)]
   697 | D        | Slain by a vampire knight

Skill      XL: |  1  2  3  4  5  6  7  8  9 10 11 |
---------------+----------------------------------+-----
Unarmed Combat | 7 8 9 11 13 17 18 | 18.1
Fighting       | 3 4 6 7 9 |  9.2
Armour         | 3 4 6 9 |  9.3
Shields        | 2 8 12 | 12.0
Dodging        | |  1.9
Spellcasting   | |  1.2
Charms         | |  2.0

Action                   |  1- 3 |  4- 6 |  7- 9 | 10-12 || total
-------------------------+-------+-------+-------+-------++-------
Melee: Unarmed           |     5 |    19 |    54 |   168 ||   246
       Punch             |     1 |       |     3 |       ||     4
Evoke: Wand              |       |     3 |     1 |       ||     4
       Lamp of fire      |       |       |       |     1 ||     1
  Use: Potion            |     1 |       |     2 |     5 ||     8
  Eat: Chunk             |       |       |     8 |     3 ||    11
Armor: Gold dragon scale |     6 |    13 |    42 |   137 ||   198
Dodge: Dodged            |     1 |     1 |    11 |    17 ||    30
Block: Large shield      |       |       |    33 |   263 ||   296
